 Seeded DCSS version 0.29.1-14-g9c671dbff4 (webtiles) character file.

Game seed: 20230211 (custom seed)

171 ueste the Caller (level 5, -7/37 HPs)
             Began as a Merfolk Summoner on Feb 20, 2023.
             Was an Initiate of Hepliaklqana.
             Killed from afar by an orc wizard (8 damage)
             ... with a puff of flame
             ... on level 4 of the Dungeon on Feb 21, 2023.
             The game lasted 00:35:11 (2393 turns).

ueste the Caller (Merfolk Summoner)                 Turns: 2393, Time: 00:35:12

Health: -7/37      AC:  2    Str:  8    XL:     5   Next: 51%
Magic:  1/9        EV: 13    Int: 17    God:    Hepliaklqana [......]
Gold:   8          SH:  0    Dex: 14    Spells: 1/10 levels left

rFire   . . .      SeeInvis .   c - +0 dagger
rCold   . . .      Faith    .   (no shield)
rNeg    . . .      Spirit   .   a - +0 robe
rPois   .          Reflect  .   (no helmet)
rElec   .          Harm     .   (no cloak)
rCorr   .          Rampage  .   (no gloves)
Will    .....                   (no boots)
Stlth   ++........              (no amulet)
HPRegen 0.12/turn               (no ring)
MPRegen 0.11/turn               (no ring)

@: attractive, very slightly contaminated
A: (nimble swimmer 2), mertail
a: Renounce Religion


You were on level 4 of the Dungeon.
You worshipped Hepliaklqana.
Hepliaklqana was noncommittal.
You visited 2 branches of the dungeon, and saw 5 of its levels.
You also visited: Sewer.

You collected 8 gold pieces.

Inventory:

Hand Weapons
 c - a +0 dagger (weapon)
 d - a +0 sling
 p - a +0 arbalest
Missiles
 g - 24 poisoned darts
Armour
 a - a +0 robe (worn)
Scrolls
 e - 2 scrolls of identify {unknown}
 h - 2 scrolls of enchant armour {unknown}
 j - a scroll of silence {unknown}
 k - a scroll of enchant weapon {unknown}
 n - a scroll of immolation {unknown}
 q - a scroll of noise {unknown}
 r - a scroll of vulnerability {unknown}
Potions
 b - a potion of magic
 f - a potion of flight {unknown}
 i - a potion of berserk rage {unknown}
 l - 2 potions of resistance {unknown}


   Skills:
 + Level 1.5 Fighting
 + Level 1.0 Armour
 + Level 3.6 Dodging
 + Level 3.0 Stealth
 * Level 3.1 Spellcasting
 * Level 4.7 Summonings


You had one spell level left.
You knew the following spells:

 Your Spells              Type           Power      Damage    Failure   Level
a - Summon Small Mammal   Summ           72%        N/A       2%          1
b - Call Imp              Summ           18%        N/A       3%          2
c - Summon Guardian Gole  Hex/Summ       10%        N/A       21%         3
d - Call Canine Familiar  Summ           18%        N/A       8%          3

Your spell library contained the following spells:

 Spells                   Type           Power      Damage    Failure   Level
 Summon Lightning Spire   Summ/Air       10%        N/A       54%         4


Dungeon Overview and Level Annotations

Branches:
Dungeon (4/15)             Temple (1/1) D:4           Sewer (visited)

Altars:
Ashenzari
Cheibriados
Dithmenos
Elyvilon
Fedhas
Gozag
Hepliaklqana
Kikubaaqudgha
Makhleb
Nemelex Xobeh
Okawaru
Qazlal
Ru
Sif Muna
Uskayaw
Vehumet
Wu Jian
Yredelemnul
Zin


Innate Abilities, Weirdness & Mutations

((You are very nimble when in or above water. (Stealth+, EV+, Speed+++)))
Your lower body shifts to a powerful aquatic tail in water.


Message History

Casting: Call Canine Familiar (dangerous; 8% risk of failure)
Confirm with . or Enter, or press ? or * to list all spells.
A metallic apparition takes form in the air.
The orc completely misses you. The orc barely misses your iron imp.
You hear some strange, mumbled words.
A magic dart appears from out of thin air!
The magic dart hits you!
Casting: Call Imp (safe; 3% risk of failure)
Confirm with . or Enter, or press ? or * to list all spells.
You miscast Summon Small Mammal.
Nothing appears to happen.
The orc hits you but does no damage.
The orc hits your iron imp but does no damage.
Something hits you.
Really attack while wielding your +0 arbalest? [Y]es or [N]o only, please.
Really attack while wielding your +0 arbalest?
Okay, then.
c - a +0 dagger (weapon)
The orc hits you with a +0 hand axe.
The orc hits your iron imp but does no damage.
Something hits you but does no damage.
Your iron imp hits the orc but does no damage.
You hit the orc but do no damage. The orc barely misses you.
The orc barely misses your iron imp. Something hits you.
Your iron imp barely misses the orc.
Okay, then.
The orc hits you with a +0 hand axe.
* * * LOW HITPOINT WARNING * * *
The orc closely misses your iron imp. Something hits you.
* * * LOW HITPOINT WARNING * * *
You climb downwards.
Reactivating autopickup.
The orc wizard is attracted toward you. x2
There is a stone staircase leading up here.
Something hits you.
* * * LOW HITPOINT WARNING * * *
Deactivating autopickup; reactivate with Ctrl-A.
The orc wizard points at you and mumbles some strange words.
The puff of flame hits you!
You die...

...................########
#..................##....## .
#..........##......#....... .
#....?...§§...##.........)> .
#............###.......#... .
#.#..........##........#... .###
#.##.........>#........##.. +###
#..#.....o...........#####.
.⌠#####.......#o@...#.......#####
>.'...........#o...######...#..#.
.⌠######.#..#.....##.###.........
+### #...........#..............
l### #..........................
. #.........#......#......... .
#.........##.....##........ .
............#.....#÷........ .
.............................


You could see 2 orc wizards and an orc.

Vanquished Creatures
  An adder (Sewer)
  A worm (D:4)
  A ball python (Sewer)
  An endoplasm (D:4)
  A kobold (Sewer)
  A rat (Sewer)
6 creatures vanquished.

Vanquished Creatures (collateral kills)
  A kobold brigand (Sewer)
  An iguana (D:4)
  3 adders
  A river rat (Sewer)
  An ufetubus (D:4)
  A worm (D:4)
  An orc (D:3)
  2 endoplasms
  3 goblins
  7 kobolds (Sewer)
  3 ball pythons
  2 rats (Sewer)
26 creatures vanquished.

Grand Total: 32 creatures vanquished

Notes
Turn   | Place    | Note
-------+----------+-------------------------------------------
     0 | D:1      | ueste the Merfolk Summoner began the quest for the Orb.
     0 | D:1      | Reached XP level 1. HP: 13/13 MP: 3/3
   103 | D:4      | Noticed an iguana
   105 | D:4      | Found a staircase to the Ecumenical Temple.
   111 | Temple   | Entered the Ecumenical Temple
   111 | Temple   | Found a transporter.
   111 | Temple   | Found a transporter.
   113 | Temple   | Found a transporter.
   113 | Temple   | Found a transporter.
   132 | Temple   | Became a worshipper of Hepliaklqana the Forgotten
   284 | D:4      | Found a glowing drain.
   308 | D:4      | Reached XP level 2. HP: 20/20 MP: 0/5
   311 | D:4      | Learned a level 2 spell: Call Imp
   366 | Sewer    | Entered a sewer
   556 | Sewer    | Noticed a kobold brigand
   568 | Sewer    | Killed a kobold brigand
   569 | Sewer    | Reached skill level 1 in Fighting
   569 | Sewer    | Reached XP level 3. HP: 12/26 MP: 2/6
   569 | Sewer    | Reached XP level 4. HP: 15/32 MP: 2/7
  1213 | Sewer    | Reached XP level 5. HP: 23/37 MP: 2/9
  1357 | Sewer    | Reached skill level 1 in Armour
  2110 | D:4      | Learned a level 3 spell: Summon Guardian Golem
  2114 | D:4      | Learned a level 3 spell: Call Canine Familiar
  2393 | D:4      | HP: 1/37 [something (2)]
  2393 | D:4      | Killed from afar by an orc wizard

Illustrated notes

Levels and vault maps discovered:
D:1:      reono_arrival_mine, layout_basic, basic_ecumenical_altar,
          serial_shops, nicolae_lakefront_shop, minmay_split_cup_large
D:2:      layout_rooms, serial_bayou_lagoon_a, minmay_tall_x
D:3:      layout_rooms, amethyst_killhole, uniq_grinder, uniq_sigmund
D:4:      layout_cave_pools, temple_doors_e, cheibrodos_sewer_entry_bend
Temple:   hellmonk_temple_divided_pantheon

Skill      XL: |  1  2  3  4  5 |
---------------+----------------+-----
Dodging        | 3 |  3.6
Fighting       | 1 |  1.5
Armour         | 1 |  1.0
Stealth        | 3 |  3.0
Spellcasting   | 3 |  3.1
Summonings     | |  4.7

Action                   |  1- 3 |  4- 6 || total
-------------------------+-------+-------++-------
Melee: Dagger            |    15 |    48 ||    63
       Unarmed           |     1 |       ||     1
       Punch             |       |     1 ||     1
 Cast: Summon Small Mamm |    17 |    36 ||    53
       Call Imp          |     1 |    17 ||    18
       Call Canine Famil |       |     3 ||     3
  Use: Potion            |       |     2 ||     2
 Stab: Sleeping          |     1 |       ||     1
Armor: Robe              |     1 |     8 ||     9
Dodge: Dodged            |     9 |    50 ||    59
